 Dungeon Crawl Stone Soup version 0.31.0-2-g5a2aebc5c2 (webtiles) character file.

Game seed: 9511941498767949291

36 Aviak the Ducker (level 3, 30/30 HPs)
             Began as a Djinni Monk on Jan 20, 2024.
             Quit the game on level 1 of the Dungeon.
             The game lasted 00:01:31 (1003 turns).

Aviak the Ducker (Djinni Monk)                      Turns: 1003, Time: 00:01:31

Health: 30/30      AC:  2    Str: 10    XL:     3   Next: 57%
Gold:   65         EV: 13    Int: 13    God:
                   SH:  0    Dex: 15

rFire   + +          .
                       - Unarmed
rCold   x . .        c - orb {light}
rNeg    . . .        a - +0 robe
rPois   ∞            (no helmet)
rElec   .            (no cloak)
rCorr   .            (no gloves)
SInv    .            (boots unavailable)
Will    .....        (no amulet)
Stlth   +            (no ring)
HPRegen 0.25/turn    (no ring)
MPRegen 0.00/turn

%: no passive effects
@: flying, glowing
A: sickness immunity, fire resistance 2, cold vulnerability 1, float, innate
caster, HP casting, extra vitality 1
a: no special abilities


You were on level 1 of the Dungeon.
You visited 1 branch of the dungeon, and saw 1 of its levels.

You collected 65 gold pieces.

Inventory:

Armour
 a - a +0 robe (worn)
 c - an orb of light (worn)
Scrolls
 f - a scroll of amnesia {unknown}
 g - a scroll of summoning {unknown}
 i - a scroll of identify {unknown}
Potions
 b - a potion of ambrosia
 d - a potion of might {unknown}
 e - 2 potions of haste {unknown}
 h - a potion of mutation {unknown}


   Skills:
 + Level 3.4 Fighting
 + Level 3.8 Dodging
 + Level 3.4 Unarmed Combat


You knew the following spells:

 Your Spells              Type           Power      Damage    Failure   Level
a - Summon Small Mammal   Summ           0%         N/A       30%         1
Your spell library was empty.

Dungeon Overview and Level Annotations

Branches:
Dungeon (1/15)

Altars:


Innate Abilities, Weirdness & Mutations

You are immune to sickness and miasma.
You are immune to poison.
Your flesh is very heat resistant. (rF++)
You are vulnerable to cold. (rC-)
You float through the air rather than walking.
You learn spells naturally, not from books.
Your magical power is your life essence.
You have superior vitality. (+4 MHP)


Message History

The hobgoblin completely misses you.
You hit the hobgoblin.
The hobgoblin is severely wounded.
The hobgoblin hits you but does no damage.
You hit the hobgoblin.
You kill the hobgoblin!
No target in view!
No target in view!
You see here a hobgoblin corpse.
You see here a hobgoblin corpse.
A rat comes into view.
The rat squeaks loudly.
A rat is nearby!
You see here 2 gold pieces.
The rat closely misses you.
You barely miss the rat. The rat barely misses you.
You hit the rat.
You kill the rat!
No target in view!
No target in view!
You now have 65 gold pieces (gained 2).
A giant cockroach comes into view.
A giant cockroach is nearby!
A giant cockroach is nearby!
The giant cockroach bites you. The giant cockroach closely misses you.
You hit the giant cockroach.
The giant cockroach is heavily wounded.
The giant cockroach bites you but does no damage.
You hit the giant cockroach.
The giant cockroach is severely wounded.
The giant cockroach bites you but does no damage.
You hit the giant cockroach.
You kill the giant cockroach!
No target in view!
No target in view!
You see here a giant cockroach corpse.
Found a stone staircase leading down.
There is a stone staircase leading down here.
Done exploring.
Are you sure you want to abandon this character and quit the game? (Confirm with "yes".)

♣♣♣..........#
...♣#####.#..#
....♣ #.#..# ....♣
#.#..# ....♣#
#.#..#
...♣~♣♣♣#.#..#
..♣~♣...♣....#
P♣~♣.....♣#.#######
♣~♣......♣#.....@.#
~♣P......♣#.#####.#
♣PP......♣#######.#
PPPP....♣.........#
PPPPP..♣##.########
PPPPP...♣#.#
♣PPP.....♣.#
~♣P......♣.#
♣~♣......♣.#


There were no monsters in sight!

Vanquished Creatures
  A dart slug (D:1)
  4 bats (D:1)
  5 endoplasms (D:1)
  A giant cockroach (D:1)
  4 hobgoblins (D:1)
  3 jackals (D:1)
  A quokka (D:1)
  A ball python (D:1)
  2 frilled lizards (D:1)
  6 kobolds (D:1)
  A rat (D:1)
29 creatures vanquished.

Notes
Turn   | Place    | Note
-------+----------+-------------------------------------------
     0 | D:1      | Aviak the Djinni Monk began the quest for the Orb.
     0 | D:1      | Reached XP level 1. HP: 20/20 MP: 0/0
    88 | D:1      | Reached XP level 2. HP: 12/25 MP: 0/0
   262 | D:1      | Reached XP level 3. HP: 15/30 MP: 0/0
   262 | D:1      | Learned a level 1 spell: Summon Small Mammal
  1003 | D:1      | Quit the game

Illustrated notes

Levels and vault maps discovered:
D:1:      orjb1_clovarrival, layout_basic

Action                     || total
---------------------------++-------
  Melee: Unarmed           ||    72
 Armour: Robe              ||    33
  Dodge: Dodged            ||    52
